 Dungeon Crawl Stone Soup version 0.30-b1-2-g02819fbbbe (webtiles) character file.

Game seed: 16063104664187691598

44 Alarkh the Slasher (level 3, 0/27 HPs)
             Began as a Demonspawn Warper on May 23, 2023.
             Splashed by a jelly's acid (9 damage)
             ... on level 3 of the Dungeon.
             The game lasted 00:01:35 (1761 turns).

Alarkh the Slasher (Demonspawn Warper)              Turns: 1761, Time: 00:01:35

Health: 0/27       AC:  6    Str: 11    XL:     3   Next: 39%
Magic:  6/6        EV:  8    Int: 16    God:
Gold:   119        SH:  0    Dex: 14    Spells: 0/6 levels left

rFire   + . .        a - +0 falchion
rCold   . . .        (no shield)
rNeg    . . .        l - +3 leather armour of the Okapi {rF+ Will+ SInv}
rPois   .            (no helmet)
rElec   .            (no cloak)
rCorr   .            (no gloves)
SInv    +            (no boots)
Will    +....        (no amulet)
Stlth   ++           (no ring)
HPRegen 0.24/turn    (no ring)
MPRegen 0.10/turn

%: no passive effects
@: constricted
A: thin skeletal structure 1, weakness stinger 1
a: no special abilities


You were on level 3 of the Dungeon.
You visited 1 branch of the dungeon, and saw 3 of its levels.

You collected 119 gold pieces.

Inventory:

Hand Weapons
 a - a +0 falchion (weapon)
Missiles
 d - 7 boomerangs of dispersal (quivered)
Armour
 b - a +0 leather armour
 l - the +3 leather armour of the Okapi (worn) {rF+ Will+ SInv}
   (You found it on level 2 of the Dungeon)

   rF:        It protects you from fire.
   SInv:      It lets you see invisible.
   Will:      It increases your willpower.
Scrolls
 c - a scroll of blinking
 f - a scroll of brand weapon {unknown}
 g - a scroll of fear {unknown}
 m - a scroll of vulnerability {unknown}
 r - a scroll of identify
Potions
 e - 2 potions of heal wounds {unknown}
 h - a potion of magic
 i - a potion of might
 j - 2 potions of lignification {unknown}
 k - a potion of berserk rage {unknown}
 n - a potion of mutation {unknown}


   Skills:
 - Level 2.0 Fighting
 + Level 3.5 Long Blades
 - Level 0.8 Throwing
 - Level 0.8 Armour
 - Level 1.7 Dodging
 - Level 2.0 Spellcasting
 - Level 2.6 Translocations


You couldn't memorise any spells.
You knew the following spells:

 Your Spells              Type           Power      Damage    Failure   Level
a - Blink                 Tloc           20%        N/A       14%         2
b - Apportation           Tloc           20%        N/A       9%          1
c - Vhi's Electric Charg  Tloc/Air       10%        N/A       43%         3

Your spell library contained the following spells:

 Spells                   Type           Power      Damage    Failure   Level
 Lesser Beckoning         Tloc           20%        N/A       14%         2
 Necrotise                Necr           4%         1d4       26%         1
 Slow                     Hex            4%         N/A       26%         1
 Summon Small Mammal      Summ           4%         N/A       26%         1
 Teleport Other           Tloc           10%        N/A       26%         3
 Volatile Blastmotes      Fire/Tloc      10%        2d10      43%         3
 Confusing Touch          Hex            1%         N/A       63%         3
 Dazzling Flash           Conj/Hex       2%         N/A       63%         3
 Vampiric Draining        Necr           1%         2d6       63%         3
 Manifold Assault         Tloc           10%        N/A       65%         4
 Iskenderun's Mystic Bla  Conj/Tloc      5%         2d3       83%         4
 Fulminant Prism          Conj/Hex       0%         3d5       95%         4
 Lee's Rapid Deconstruct  Erth           0%         3d4*      100%        5
 Starburst                Conj/Fire      0%         6d3       100%        6


Dungeon Overview and Level Annotations

Branches:
Dungeon (3/15)

Altars:


Innate Abilities, Weirdness & Mutations

You have a somewhat thin skeletal structure. (Dex +2, Stealth+)
You have a small tail.


Message History

The adder closely misses you. The adder bites you but does no damage.
You hit the adder.
You kill the adder!
No target in view!
No target in view!
No target in view!
No target in view!
No target in view!
A kobold comes into view. It is wielding a +0 dagger.
There is a stone staircase leading up here.
A kobold is nearby!
Found a fuming grey potion and 15 gold pieces.
Found a stone staircase leading down.
An endoplasm comes into view.
Found a cyan potion.
The kobold shouts!
A jelly comes into view.
The endoplasm quivers.
You slash the kobold!
You kill the kobold!
A ball python comes into view.
A quokka comes into view.
The ball python hisses angrily.
The endoplasm misses you.
Things that are here:
a +0 dagger; a kobold corpse You slash the endoplasm!
You kill the endoplasm!
You hit the jelly but do no damage.
Your hands burn!
You tail-slap the jelly.
The jelly is lightly wounded.
The jelly hits you.
You are splashed with acid!
The jelly hits you but does no damage.
You hit the jelly.
Your hands burn!
The jelly is moderately wounded.
The jelly closely misses you.
You hit the jelly.
Your hands burn!
The jelly is heavily wounded.
The ball python closely misses you. The ball python grabs you.
The ball python constricts you. The jelly hits you.
You are splashed with acid!
You die...

......# ......# ......#.
......##. ############
...##.##..###........!..
.####.# #...#...........
## ##.# #.............
#..# #....J...... #.##
###...@S......
#.######......r......
##.......<#......!....
#...#######...>.......
##### #..$........
#...........
############


You could see a jelly, a quokka and a ball python.

Vanquished Creatures
  An adder (D:3)
  A worm (D:2)
  A dart slug (D:1)
  8 endoplasms
  3 goblins
  3 hobgoblins
  4 ball pythons
  2 bats (D:1)
  A frilled lizard (D:1)
  2 kobolds
  2 rats
28 creatures vanquished.

Notes
Turn   | Place    | Note
-------+----------+-------------------------------------------
     0 | D:1      | Alarkh the Demonspawn Warper began the quest for the Orb.
     0 | D:1      | Reached XP level 1. HP: 16/16 MP: 3/3
   126 | D:1      | Reached skill level 2 in Long Blades
   346 | D:1      | Gained mutation: You have a small tail. [demonic ancestry]
   346 | D:1      | Reached XP level 2. HP: 22/22 MP: 5/5
  1075 | D:2      | Reached skill level 3 in Long Blades
  1274 | D:2      | Gained mutation: You have a somewhat thin skeletal
                  | structure. (Dex +2, Stealth+) [demonic ancestry]
  1274 | D:2      | Reached XP level 3. HP: 18/27 MP: 6/6
  1387 | D:2      | Identified the +3 leather armour of the Okapi {rF+ Will+
                  | SInv}
  1454 | D:2      | Learned a level 2 spell: Blink
  1456 | D:2      | Learned a level 1 spell: Apportation
  1460 | D:2      | Learned a level 3 spell: Vhi's Electric Charge
  1761 | D:3      | Splashed by a jelly's acid

Illustrated notes

Levels and vault maps discovered:
D:1:      arrival_zaba_pyramid, layout_basic, minmay_misc_feat_plants
D:2:      layout_loops_ring
D:3:      layout_rooms, minmay_diced_spiral, uniq_crazy_yiuf_cottage

Skill      XL: |  1  2 |
---------------+-------+-----
Long Blades    | 2 3 |  3.5
Fighting       | |  2.0
Throwing       | |  0.8
Armour         | |  0.8
Dodging        | |  1.7
Spellcasting   | |  2.0
Translocations | |  2.6

Action                     || total
---------------------------++-------
  Melee: Falchion          ||    79
         Tailslap          ||    14
    Use: Scroll            ||     2
   Stab: Sleeping          ||     2
 Armour: Leather armour    ||    23
  Dodge: Dodged            ||    48
